 Dungeon Crawl Stone Soup version 0.24-a0-484-g962a3eeff7 (webtiles) character file.

Game seed: 6913577044422719366

5273 Peloso the Carver (level 10, -2/91 HPs)
             Began as a Minotaur Fighter on July 9, 2019.
             Was a High Priest of Okawaru.
             Slain by a two-headed ogre
             ... wielding a +0 giant spiked club
              (18 damage)
             ... on level 12 of the Dungeon.
             The game lasted 00:12:47 (7622 turns).

Peloso the Carver (Minotaur Fighter)                Turns: 7622, Time: 00:12:48

Health: -2/91      AC: 12    Str: 22    XL:     10   Next: 36%
Magic:  9/9        EV: 10    Int:  5    God:    Okawaru [*****.]
Gold:   537        SH:  0    Dex: 18    Spells: 9/9 levels left

rFire    . . .     SeeInvis +   B - +4 great sword of Zin's Favour {slice, rC++ Dex+3 SInv}
rCold    + + .     Gourm    +   (shield currently unavailable)
rNeg     . . .     Faith    .   D - +0 chain mail
rPois    +         Spirit   .   (helmet restricted)
rElec    .         Reflect  .   (no cloak)
rCorr    .         Harm     .   (no gloves)
MR       .....                  u - +0 pair of boots
Stlth    ..........             t - amulet of the gourmand
HPRegen  0.25/turn              m - +3 ring of dexterity
MPRegen  0.11/turn              x - ring of poison resistance

@: no status effects
A: retaliatory headbutt, horns 2
a: Heroism, Finesse, Renounce Religion


You were on level 12 of the Dungeon.
You worshipped Okawaru.
Okawaru was extremely pleased with you.
You were very full.

You visited 1 branch of the dungeon, and saw 10 of its levels.

You collected 537 gold pieces.

Inventory:

Hand Weapons
 a - a +0 long sword
 B - the +4 great sword of Zin's Favour (weapon) {slice, rC++ Dex+3 SInv}
   (You found it on level 5 of the Dungeon)

   It inflicts extra damage upon your enemies.
   It affects your dexterity (+3).
   It greatly protects you from cold.
   It lets you see invisible.
 G - a cursed -2 short sword
Armour
 b - a +0 scale mail
 c - a +0 shield
 u - a +0 pair of boots (worn)
 D - a +0 chain mail (worn)
Jewellery
 m - a +3 ring of dexterity (left hand)
 o - a +4 amulet of reflection
 r - an uncursed ring of fire
 s - an uncursed ring of protection from magic {unknown}
 t - an amulet of the gourmand (around neck)
 w - a +3 ring of evasion {unknown}
 x - a ring of poison resistance (right hand)
 z - an uncursed amulet of harm {unknown}
Wands
 q - a wand of paralysis (6)
 y - a wand of enslavement (21)
 F - a wand of clouds (5)
Scrolls
 g - 3 scrolls of amnesia {unknown}
 h - 4 scrolls of identify
 i - 4 scrolls of fear {unknown}
 j - 2 scrolls of blinking {unknown}
 k - 6 scrolls of teleportation {unknown}
 l - 3 scrolls of random uselessness {unknown}
 p - 4 scrolls of remove curse {unknown}
 C - 3 scrolls of enchant weapon {unknown}
 E - a scroll of magic mapping {unknown}
Potions
 d - a potion of might
 n - 3 potions of brilliance
 v - a potion of agility
 A - 4 potions of haste
Comestibles
 f - 18 rations
 H - a chunk of flesh


   Skills:
 + Level 9.1 Fighting
 + Level 12.0 Long Blades
 + Level 9.5 Armour
 + Level 3.4 Dodging
 + Level 1.4 Stealth
 + Level 6.3 Shields


You had 9 spell levels left.
You didn't know any spells.
Your spell library was empty.

Dungeon Overview and Level Annotations

Branches:
Dungeon (9/15)             Temple (0/1) D:4
   Lair: D:8-11         Orc: D:9-12

Altars:
Cheibriados
Dithmenos
Fedhas
Gozag
Hepliaklqana
Okawaru
Ru

Shops:
D:4 [


Innate Abilities, Weirdness & Mutations

You reflexively headbutt those who attack you in melee.
You have a pair of horns on your head.


Message History

The two-headed ogre is moderately wounded.
The two-headed ogre barely misses you.
You hit the two-headed ogre.
Your headbutt misses the two-headed ogre.
The two-headed ogre is moderately wounded.
The two-headed ogre closely misses you.
You riposte.
You hit the two-headed ogre.
The two-headed ogre is heavily wounded.
The two-headed ogre hits you with a +0 giant club!
* * * LOW HITPOINT WARNING * * *
You slash the two-headed ogre!
Your headbutt misses the two-headed ogre.
The two-headed ogre is heavily wounded.
The two-headed ogre hits you but does no damage.
The two-headed ogre hits you with a +0 giant club.
* * * LOW HITPOINT WARNING * * *
You slash the two-headed ogre!
The two-headed ogre is almost dead.
The two-headed ogre hits you with a +0 giant spiked club!!
You die...

########################
##..............@Oz.....##
#...########รท.########...##
...## #..# ##...## ..## #..#
##...## .## #..# ##...# ##
#..# ##..# # #..# #..# #
#..# #..# # .... #..#


You could see a two-headed ogre and a wight.

Vanquished Creatures
  A two-headed ogre (D:8)
  A wolf spider (D:12)
  A troll (D:6)
  3 hippogriffs
  A wyvern (D:12)
  A human (D:7)
  3 hogs (D:7)
  A yak (D:7)
  A hungry ghost (D:7)
  Menkaure (D:5)
  2 orc warriors
  A black bear (D:6)
  3 ice beasts
  2 ogres (D:8)
  2 centaurs
  A bullfrog (D:6)
  3 scorpions
  A water moccasin skeleton (D:4)
  6 howler monkeys
  4 crimson imps
  A centaur zombie (D:5)
  A bullfrog zombie (D:5)
  4 hounds
  5 jellies
  3 orc priests
  An orc wizard (D:3)
  2 bullfrog skeletons
  An iguana (D:7)
  3 worker ants
  2 killer bee zombies
  A hound zombie (D:7)
  3 gnolls (D:4)
  8 adders
  2 howler monkey skeletons
  A shadow imp (D:5)
  An ooze (D:3)
  7 worms
  3 dart slugs
  5 leopard geckos
  9 orcs
  4 bats
  8 giant cockroaches
  10 hobgoblins
  16 jackals
  2 quokkas (D:3)
  6 frilled lizards
  5 goblins
  5 kobolds
  A leopard gecko skeleton (D:6)
  A quokka zombie (D:7)
  5 rats
165 creatures vanquished.

Notes
Turn   | Place    | Note
-------+----------+-------------------------------------------
     0 | D:1      | Peloso the Minotaur Fighter began the quest for the Orb.
     0 | D:1      | Reached XP level 1. HP: 19/19 MP: 0/0
   108 | D:1      | Reached XP level 2. HP: 19/27 MP: 1/1
   260 | D:1      | Reached XP level 3. HP: 24/33 MP: 2/2
   694 | D:2      | Reached skill level 3 in Long Blades
  1332 | D:2      | Reached XP level 4. HP: 41/41 MP: 3/3
  1821 | D:3      | Found a hazy altar of Hepliaklqana.
  2145 | D:3      | Found an iron altar of Okawaru.
  2162 | D:3      | Became a worshipper of Warmaster Okawaru
  2189 | D:3      | Reached XP level 5. HP: 45/47 MP: 4/4
  2302 | D:3      | Reached skill level 1 in Dodging
  2515 | D:4      | Reached skill level 4 in Long Blades
  2565 | D:4      | Found a staircase to the Ecumenical Temple.
  2644 | D:4      | Found Wyosuedi's Armour Boutique.
  2697 | D:4      | Found a snail-covered altar of Cheibriados.
  2904 | D:4      | Found a shadowy altar of Dithmenos.
  2961 | D:4      | Reached skill level 5 in Fighting
  3020 | D:4      | Reached skill level 5 in Shields
  3020 | D:4      | Reached XP level 6. HP: 56/56 MP: 5/5
  3214 | D:5      | Entered Level 5 of the Dungeon
  3236 | D:5      | Reached skill level 5 in Long Blades
  3236 | D:5      | Reached skill level 5 in Armour
  3301 | D:5      | Got a crude great sword
  3302 | D:5      | Identified the +4 great sword of Zin's Favour {slice, rC++
                  | Dex+3 SInv} (You found it on level 5 of the Dungeon)
  3306 | D:5      | Noticed an ice beast
  3310 | D:5      | Killed an ice beast
  3310 | D:5      | Reached * piety under Okawaru
  3310 | D:5      | Reached XP level 7. HP: 57/61 MP: 6/6
  3355 | D:5      | Noticed Menkaure
  3359 | D:5      | Killed Menkaure
  3359 | D:5      | Reached skill level 6 in Long Blades
  3567 | D:5      | Found a sacrificial altar of Ru.
  4014 | D:6      | Noticed a troll
  4020 | D:6      | Reached XP level 8. HP: 69/70 MP: 7/7
  4025 | D:6      | Killed a troll
  4025 | D:6      | Reached ** piety under Okawaru
  4025 | D:6      | Reached skill level 7 in Long Blades
  4435 | D:6      | Reached skill level 8 in Long Blades
  4598 | D:6      | Reached skill level 1 in Stealth
  4694 | D:7      | Reached skill level 9 in Long Blades
  5105 | D:7      | Reached *** piety under Okawaru
  5268 | D:7      | Found a blossoming altar of Fedhas.
  5280 | D:7      | Reached XP level 9. HP: 79/79 MP: 8/8
  5379 | D:7      | Reached skill level 10 in Long Blades
  5387 | D:7      | Reached **** piety under Okawaru
  5944 | D:7      | Found an opulent altar of Gozag.
  5944 | D:7      | Found a shadowy altar of Dithmenos.
  6089 | D:8      | Noticed a two-headed ogre
  6101 | D:8      | Killed a two-headed ogre
  6101 | D:8      | Reached skill level 11 in Long Blades
  6432 | D:8      | Reached XP level 10. HP: 90/90 MP: 9/9
  6477 | D:8      | Reached ***** piety under Okawaru
  6843 | D:8      | Received a gift from Okawaru
  7448 | D:9      | You fall into a shaft and drop 3 floors!
  7548 | D:12     | Noticed a wolf spider
  7548 | D:12     | Noticed a two-headed ogre
  7554 | D:12     | HP: 3/90 [wolf spider (10)]
  7556 | D:12     | Killed a wolf spider
  7556 | D:12     | Reached skill level 12 in Long Blades
  7622 | D:12     | Slain by a two-headed ogre

Levels and vault maps discovered:
D:1:      zaba_arrival_water, layout_basic
D:2:      layout_basic, first_ration, chequers_serial_rivers_micro_c
D:3:      layout_loops_ring, lemuel_round_altar, okawaru_gym_becter
D:4:      layout_basic, cheibriados_altar_1, minmay_temple_entry_hall,
          serial_shops, nicolae_shop_stone, nicolae_dithmenos_the_darkroom
D:5:      layout_basic, nicolae_overflow_crystal_walls,
          chequers_serial_rivers_marsh, uniq_menkaure
D:6:      layout_basic
D:7:      layout_loops_ring, fedhas_ov_isle_minmay,
          gammafunk_temple_overflow_elements, grunt_livestock
D:8:      layout_cave_pods
D:9:      layout_basic, kennysheep_little_box, serial_shops, shop, shop,
          minmay_lizard_king
D:12:     four-leaf_vault, layout_layer_cave, serial_shops, shop,
          nicolae_shop_trees, kennysheep_kite_vault

Skill      XL: |  1  2  3  4  5  6  7  8  9 10 |
---------------+-------------------------------+-----
Fighting       | 4 5 7 8 9 |  9.1
Shields        | 4 5 6 |  6.3
Armour         | 4 5 6 8 9 |  9.5
Long Blades    | 3 4 5 6 9 11 12 | 12.0
Dodging        | 1 2 3 |  3.4
Stealth        | 1 |  1.4

Action                   |  1- 3 |  4- 6 |  7- 9 | 10-12 || total
-------------------------+-------+-------+-------+-------++-------
Melee: Long sword        |    88 |   133 |       |       ||   221
       Headbutt          |     5 |    39 |    28 |     8 ||    80
       Great sword       |       |     1 |   122 |    44 ||   167
Evoke: Wand              |       |       |       |     3 ||     3
  Use: Scroll            |       |       |     6 |       ||     6
       Potion            |       |       |       |     2 ||     2
  Eat: Chunk             |     1 |    19 |    17 |     4 ||    41
Armor: Scale mail        |    38 |    43 |    24 |       ||   105
       Chain mail        |       |       |    51 |    27 ||    78
Dodge: Dodged            |    29 |    35 |    77 |    32 ||   173
Block: Shield            |    56 |    80 |       |       ||   136
       Rpst.: Long sword |     7 |     8 |       |       ||    15
       Great sword       |       |     1 |    20 |     5 ||    26

Table legend:
 A = Non-vault XP
 B = Vault XP
 C = Vault XP percentage of total XP
 D = Non-vault monster count
 E = Vault monster count
 F = Vault count percentage of total count
                 A         B        C        D         E       F
            +---------+---------+-------+---------+---------+-------
      Total |    5754 |    1779 |  23.6 |     157 |       8 |   4.8
            +---------+---------+-------+---------+---------+-------
        D:1 |      43 |       0 |   0.0 |      24 |       0 |   0.0
        D:2 |      67 |       0 |   0.0 |      15 |       0 |   0.0
        D:3 |     129 |       0 |   0.0 |      28 |       0 |   0.0
        D:4 |     249 |       0 |   0.0 |      10 |       0 |   0.0
        D:5 |     622 |     172 |  21.7 |      18 |       1 |   5.3
        D:6 |     894 |       0 |   0.0 |      17 |       0 |   0.0
        D:7 |    1334 |    1005 |  43.0 |      23 |       5 |  17.9
        D:8 |    2176 |       0 |   0.0 |      19 |       0 |   0.0
       D:12 |     240 |     602 |  71.5 |       3 |       2 |  40.0
            +---------+---------+-------+---------+---------+-------
